 Dungeon Crawl Stone Soup version 0.32-a0-705-g60f233581c (webtiles) character file.

Game seed: 2644782522376077978

195 jiveturtle the Chopper (level 5, -2/46 HPs)
             Began as a Mountain Dwarf Berserker on Mar 15, 2024.
             Was a Believer of Trog.
             Slain by an ufetubus (3 damage)
             ... on level 3 of the Dungeon.
             The game lasted 00:02:17 (1572 turns).

jiveturtle the Chopper (Mountain Dwarf Berserker)   Turns: 1572, Time: 00:02:18

Health: -2/46      AC:  5    Str: 21    XL:     5   Next: 45%
Magic:  5/5        EV: 10    Int:  8    God:    Trog [**....]
Gold:   102        SH:  0    Dex:  9    Spells: 4/4 levels left

rFire   . . .        a - +0 hand axe
rCold   . . .        (no shield)
rNeg    . . .        f - +0 ring mail
rPois   .            (no helmet)
rElec   .            (no cloak)
rCorr   .            (no gloves)
SInv    .            (no boots)
Will    .....        (no amulet) Stlth
                     (no ring)
HPRegen 0.27/turn    (no ring)
MPRegen 0.09/turn

%: no passive effects
@: on berserk cooldown, slowed, very slow
A: runic magic, artefact enchanting
a: Renounce Religion, Berserk, Trog's Hand


You were on level 3 of the Dungeon.
You worshipped Trog.
Trog was pleased with you.
You visited 1 branch of the dungeon, and saw 3 of its levels.

You collected 102 gold pieces.

Inventory:

Hand Weapons
 a - a +0 hand axe (weapon)
Armour
 f - a +0 ring mail (worn)
Scrolls
 c - a scroll of immolation {unknown}
 h - a scroll of noise {unknown}
 m - a scroll of revelation {unknown}
 n - a scroll of enchant weapon {unknown}
 o - a scroll of identify {unknown}
Potions
 b - a potion of curing {unknown}
 d - a potion of attraction {unknown}
 e - a potion of might {unknown}
 g - a potion of mutation {unknown}
 i - a potion of enlightenment {unknown}
 j - a potion of berserk rage {unknown}
 k - 2 potions of cancellation {unknown}
 l - a potion of lignification {unknown}


   Skills:
 + Level 4.1 Fighting
 * Level 6.5 Axes
 + Level 3.2 Armour
 - Level 1.3 Dodging


You had 4 spell levels left.
You didn't know any spells.
Your spell library was empty.

Dungeon Overview and Level Annotations

Branches:
Dungeon (2/15)

Altars:

Annotations:
D:2 Natasha


Innate Abilities, Weirdness & Mutations

Your spellcasting is much less encumbered by armour.
You can use scrolls of enchantment on lesser artefacts.


Message History

The howler monkey closely misses you. The endoplasm hits you.
The ufetubus hits you but does no damage.
The ufetubus barely misses you. The howler monkey hits you.
The endoplasm freezes you.
You are frozen.
You barely miss the howler monkey.
The howler monkey is almost dead.
You hit the ufetubus. You hit the endoplasm. The ufetubus hits you.
The ufetubus misses you. The howler monkey hits you.
* * * LOW HITPOINT WARNING * * *
The ufetubus hits you but does no damage. x2
The endoplasm hits you but does no damage.
The howler monkey hits you.
* * * LOW HITPOINT WARNING * * *
The ufetubus hits you but does no damage.
The ufetubus completely misses you.
You barely miss the howler monkey.
The howler monkey is almost dead.
You barely miss the ufetubus. You hit the endoplasm but do no damage.
The ufetubus hits you.
* * * LOW HITPOINT WARNING * * *
The ufetubus hits you but does no damage.
The endoplasm misses you.
The howler monkey hits you but does no damage.
The ufetubus completely misses you. The ufetubus barely misses you.
The endoplasm misses you.
The howler monkey hoots and howls with incredible vigour!
You hear a bark! x2
You hit the howler monkey.
You kill the howler monkey!
Trog accepts your kill.
You hit the ufetubus but do no damage. You hit the endoplasm.
The ufetubus closely misses you. x2; The endoplasm barely misses you.
The ufetubus hits you.
* * * LOW HITPOINT WARNING * * *
The ufetubus hits you but does no damage.
The ufetubus attacks as it pursues you!
The ufetubus hits you but does no damage.
The ufetubus hits you.
You die...

##### ##...##
##.....##
#.......#
#.......#
#[......#
####.J...##
##..".@5...#
#..#..)....#
#...##.........#
....$##
##.....##.#
##### ......# ..
.......# .
#.......#
#.......#


You could see an ufetubus and an endoplasm.

Vanquished Creatures
  A howler monkey (D:3)
  Jessica (D:2)
  Natasha (D:2)
  4 gnolls (D:2)
  2 adders
  An ufetubus (D:3)
  2 dart slugs (D:1)
  3 bats
  An endoplasm (D:2)
  7 goblins
  5 hobgoblins
  3 jackals (D:1)
  2 kobolds
  4 quokkas (D:1)
  3 ball pythons (D:1)
  2 frilled lizards (D:2)
  5 rats
47 creatures vanquished.

Notes
Turn   | Place    | Note
-------+----------+-------------------------------------------
     0 | D:1      | jiveturtle the Mountain Dwarf Berserker began the quest for
                  | the Orb.
     0 | D:1      | Reached XP level 1. HP: 19/19 MP: 1/1
   284 | D:1      | Reached skill level 4 in Axes
   289 | D:1      | Reached XP level 2. HP: 25/26 MP: 2/2
   662 | D:1      | Reached XP level 3. HP: 23/28 MP: 3/3
   752 | D:1      | Reached ** piety under Trog
  1047 | D:2      | Noticed Jessica
  1060 | D:2      | Killed Jessica
  1061 | D:2      | Reached skill level 5 in Axes
  1333 | D:2      | Reached XP level 4. HP: 37/39 MP: 4/4
  1348 | D:2      | Noticed Natasha
  1355 | D:2      | Killed Natasha
  1390 | D:2      | Reached skill level 6 in Axes
  1390 | D:2      | Reached XP level 5. HP: 26/46 MP: 5/5
  1554 | D:2      | Noticed Natasha
  1555 | D:2      | You fall into a shaft and drop 1 floor!
  1571 | D:3      | HP: 1/46 [ufetubus (4)]
  1572 | D:3      | Slain by an ufetubus

Illustrated notes

Levels and vault maps discovered:
D:1:      psy_arrival_wood_between_worlds, layout_basic
D:2:      layout_loops_ring, uniq_natasha, uniq_jessica
D:3:      layout_rooms, minmay_misc_feat_plants, uniq_grinder

Skill      XL: |  1  2  3  4 |
---------------+-------------+-----
Axes           | 4 5 6 |  6.5
Fighting       | 4 |  4.1
Armour         | 3 |  3.2
Dodging        | |  1.3

Action                     |  1- 3 |  4- 6 || total
---------------------------+-------+-------++-------
  Melee: Hand axe          |   114 |    36 ||   150
 Invoke: Berserk           |     1 |     2 ||     3
 Armour: Ring mail         |    79 |    49 ||   128
         Animal skin       |     6 |       ||     6
  Dodge: Dodged            |    62 |    31 ||    93

Table legend: (Time is in decaauts)
 A = Elapsed time spent in this place.
 B = Non-inter-level travel time spent in this place.
 C = Inter-level travel time spent in this place.
 D = Time resting spent in this place.
 E = Time spent auto-exploring this place.
 F = Levels seen in this place.
 G = Mean time per level.
                   A        B        C        D        E       F      G
               +--------+--------+--------+--------+--------+-----+--------+
         Total |   1607 |   1585 |     22 |    284 |    959 |   3 |  535.7 |
       Dungeon |   1607 |   1585 |     22 |    284 |    959 |   3 |  535.7 |
               +--------+--------+--------+--------+--------+-----+--------+

Top non-repeatable levels by time:
     D:1: 1008 daAuts
     D:2: 583 daAuts
     D:3: 16 daAuts
